 Dungeon Crawl Stone Soup version 0.22-a0-166-g5351223 (webtiles) character file.

823 Borgoz the Covered (level 7, -3/62 HPs)
             Began as a Minotaur Fighter on Feb 13, 2018.
             Slain by a slave (8 damage)
             ... led by Pikel
             ... on level 5 of the Dungeon.
             The game lasted 00:04:41 (2603 turns).

Borgoz the Covered (Minotaur Fighter)               Turns: 2603, Time: 00:04:41

Health: -3/62      AC:  9    Str: 22    XL:     7   Next: 63%
Magic:  6/6        EV:  9    Int:  5    God:
Gold:   180        SH: 10    Dex: 10    Spells: 6/6 levels left

rFire    . . .     SeeInvis .   a - +0 war axe
rCold    + . .     Gourm    .   c - +0 shield
rNeg     . . .     Faith    .   u - +2 scale mail {rC+}
rPois    .         Spirit   .   (helmet restricted)
rElec    .         Reflect  .   (no cloak)
rCorr    .         Harm     .   (no gloves)
MR       .....                  (no boots)
Stlth    ..........             (no amulet)
HPRegen  0.20/turn              (no ring)
MPRegen  0.10/turn              (no ring)

@: no status effects
A: retaliatory headbutt, horns 2
a: no special abilities


You were on level 5 of the Dungeon.
You were not hungry.

You visited 1 branch of the dungeon, and saw 5 of its levels.

You collected 180 gold pieces.

Inventory:

Hand Weapons
 a - a +0 war axe (weapon)
Armour
 c - a +0 shield (worn)
 q - +0 storm dragon scales
 u - a +2 scale mail of cold resistance (worn)
Scrolls
 e - a scroll of enchant armour {unknown}
 g - 2 scrolls of remove curse {unknown}
 j - a scroll of identify
 l - 2 scrolls of fog {unknown}
 m - a scroll of teleportation {unknown}
 o - a scroll of amnesia {unknown}
 p - a scroll of random uselessness {unknown}
 v - a scroll of blinking {unknown}
Potions
 d - a potion of haste {unknown}
 h - 2 potions of mutation
 i - a potion of agility {unknown}
 k - 2 potions of flight
 r - 5 potions of curing
 s - 2 potions of brilliance
 t - a potion of ambrosia {unknown}
Comestibles
 b - 3 chunks of flesh
 f - 6 rations


   Skills:
 + Level 5.8 Fighting
 + Level 5.1 Axes
 + Level 5.9 Armour
 + Level 3.9 Dodging
 + Level 5.9 Shields


You had 6 spell levels left.
You didn't know any spells.

Dungeon Overview and Level Annotations

Branches:
Dungeon (5/15)
 Temple: D:4-7

Altars:
Okawaru
Xom

Annotations:
D:5 Pikel


Innate Abilities, Weirdness & Mutations

You reflexively headbutt those who attack you in melee.
You have a pair of horns on your head.


Message History

Pikel hits you but does no damage.
You are electrocuted!
You block the slave's attack. The slave hits you. x2
* * * LOW HITPOINT WARNING * * *
You hit Pikel but do no damage.
Pikel is severely wounded.
You slash the slave!
You hit the slave. x2; You block the slave's attack.
The slave hits you but does no damage. Pikel hits you but does no damage.
The slave hits you.
* * * LOW HITPOINT WARNING * * *
You miss Pikel.
Pikel is severely wounded.
Your shield and scale mail prevent you from hitting the slave.
You hit the slave.
You kill the slave!
That felt strangely unrewarding.
You hit the slave but do no damage. Pikel barely misses you.
You furiously retaliate!
You headbutt Pikel. The slave hits you.
* * * LOW HITPOINT WARNING * * *
The slave hits you but does no damage. The slave hits you!
You die...

#...)'.....'......'...
#....#.....#..##..#...
##############..######..
...[.........#..##...'..
.............#..'....#..
.............#..#....#..
.............#..#....#..
......psp....#..##...#..
......K@.....##'##...###
#'##########...(.#.....#
#...(.+.....#
#...(.###+###
#.....#.....#
#..)..'.....#
#.....#.....#
#.....#.....#
#.....##'####


You could see Pikel, 2 slaves and a scorpion.

Vanquished Creatures
  An ice beast (D:5)
  2 slaves (D:5)
  The ghost of vishdafish the Skirmisher, an amateur DsFi (D:3)
  2 centaurs (D:5)
  A scorpion (D:4)
  A crimson imp (D:5)
  2 hounds (D:4)
  A bullfrog skeleton (D:5)
  Jessica (D:3)
  Terence (D:3)
  A worker ant (D:5)
  Robin (D:3)
  4 gnolls (D:4)
  6 adders
  3 oozes
  An adder skeleton (D:4)
  3 worms
  4 dart slugs
  2 leopard geckos
  7 orcs
  A ball python (D:3)
  4 giant cockroaches
  19 goblins
  9 hobgoblins
  12 jackals
  3 quokkas
  7 bats
  5 frilled lizards
  A jackal zombie (D:5)
  6 kobolds
  5 rats
117 creatures vanquished.

Notes
Turn   | Place    | Note
-------+----------+-------------------------------------------
     0 | D:1      | Borgoz the Minotaur Fighter began the quest for the Orb.
     0 | D:1      | Reached XP level 1. HP: 19/19 MP: 0/0
   125 | D:1      | Reached XP level 2. HP: 25/27 MP: 1/1
   237 | D:1      | Reached skill level 1 in Dodging
   378 | D:2      | Reached XP level 3. HP: 32/33 MP: 2/2
   951 | D:3      | Reached XP level 4. HP: 40/40 MP: 3/3
  1099 | D:3      | Noticed vishdafish's ghost (amateur DsFi)
  1325 | D:3      | Killed vishdafish's ghost
  1325 | D:3      | Reached XP level 5. HP: 42/47 MP: 4/4
  1423 | D:3      | Noticed Terence
  1429 | D:3      | Killed Terence
  1491 | D:3      | Noticed Robin
  1501 | D:3      | Killed Robin
  1698 | D:3      | Noticed Jessica
  1700 | D:3      | Killed Jessica
  1700 | D:3      | Reached XP level 6. HP: 55/55 MP: 5/5
  1708 | D:3      | Found a shimmering altar of Xom.
  1846 | D:4      | Reached skill level 5 in Armour
  1846 | D:4      | Reached skill level 5 in Shields
  1921 | D:4      | Reached skill level 5 in Fighting
  2073 | D:4      | Found an iron altar of Okawaru.
  2315 | D:5      | Entered Level 5 of the Dungeon
  2356 | D:5      | Reached XP level 7. HP: 61/61 MP: 6/6
  2536 | D:5      | Reached skill level 5 in Axes
  2585 | D:5      | Noticed Pikel
  2603 | D:5      | Slain by a slave

Vault maps used:
D:1:      elethiomel_arrival_shortcut, glass_columns_a
D:3:      kennysheep_goblin_castle, lemuel_round_altar, uniq_jessica,
          uniq_terence
D:4:      corexii_shack_village, nicolae_overflow_hidden_temple
D:5:      temple_statues, serial_shops, shop, first_ration, uniq_eustachio,
          uniq_pikel

Skill      XL: |  1  2  3  4  5  6  7 |
---------------+----------------------+-----
Dodging        | 1 2 3 |  3.9
Shields        | 4 5 |  5.9
Fighting       | 4 5 |  5.8
Armour         | 4 5 |  5.9
Axes           | 3 4 5 |  5.1

Action                   |  1- 3 |  4- 6 |  7- 9 || total
-------------------------+-------+-------+-------++-------
Melee: War axe           |    78 |   140 |    37 ||   255
       Headbutt          |    10 |    24 |     5 ||    39
  Use: Potion            |       |     1 |     2 ||     3
       Scroll            |       |       |     5 ||     5
  Eat: Chunk             |       |     5 |     1 ||     6
Armor: Scale mail        |    33 |    44 |    22 ||    99
       Plate armour      |    23 |    35 |       ||    58
Dodge: Dodged            |    16 |    49 |    17 ||    82
Block: Shield            |    37 |   108 |    31 ||   176

Table legend:
 A = Spawn XP
 B = Non-spawn XP
 C = Spawn XP percentage of total XP
 D = Spawn monster count
 E = Non-spawn monster count
 F = Spawn count percentage of total count
 G = Total turns spent on level
                    A         B        C        D         E        F      G
               +---------+---------+-------+---------+---------+-------+---------
         Total |       0 |    1176 |   0.0 |       0 |     115 |   0.0 |  2603
               +---------+---------+-------+---------+---------+-------+---------
           D:1 |       0 |      37 |   0.0 |       0 |      17 |   0.0 |   361
           D:2 |       0 |      57 |   0.0 |       0 |      17 |   0.0 |   583
           D:3 |       0 |     329 |   0.0 |       0 |      42 |   0.0 |   898
           D:4 |       0 |     272 |   0.0 |       0 |      30 |   0.0 |   473
           D:5 |       0 |     481 |   0.0 |       0 |       9 |   0.0 |   288
               +---------+---------+-------+---------+---------+-------+---------
